 Dungeon Crawl Stone Soup version 0.20-a0-251-g16a58bf (webtiles) character file.

30 patrickswayze the Sneak (level 3, 0/22 HPs)
             Began as a Deep Elf Chaos Knight on Nov 30, 2016.
             Slain by an adder (3 damage)
             ... on level 2 of the Dungeon.
             The game lasted 00:00:56 (554 turns).

patrickswayze the Sneak (Deep Elf Chaos Knight)      Turns: 554, Time: 00:00:57

Health: 0/22       AC:  5    Str: 11    XL:     3   Next: 5%
Magic:  5/5        EV: 12    Int: 16    God:    Xom [..*...]
Gold:   95         SH:  0    Dex: 15    Spells: 2/2 levels left

rFire  + . .     SeeInvis .     a - +0 short sword (chaos)
rCold  . . .     Gourm    .     b - +2 leather armour
rNeg   . . .     Faith    .     (no shield)
rPois  .         Spirit   .     (no helmet)
rElec  .         Reflect  .     (no cloak)
rCorr  .         Harm     .     (no gloves)
MR     .....                    (no boots)
Stlth  ++........               (no amulet)
                                (no ring)
                                (no ring)

@: about to teleport
A: fire resistance 1, strong 1, evolution 1
a: Renounce Religion


You were on level 2 of the Dungeon.
You worshipped Xom.
You were a toy of Xom.
You were not hungry.

You visited 1 branch of the dungeon, and saw 2 of its levels.

You collected 95 gold pieces.


Innate Abilities, Weirdness & Mutations

Your flesh is heat resistant. (rF+)
Your muscles are strong. (Str +2)
You evolve.


   Skills:
 - Level 2.4 Fighting
 - Level 3.0 Short Blades
 - Level 0.7 Armour
 - Level 2.4 Dodging
 + Level 3.6 Stealth


You had 2 spell levels left.
You didn't know any spells.

Inventory:

Hand Weapons
 a - a +0 short sword of chaos (weapon)
Armour
 b - a +2 leather armour (worn)
Jewellery
 j - an uncursed ring of fire {unknown}
Scrolls
 d - a scroll of recharging {unknown}
 e - a scroll of immolation {unknown}
 f - a scroll of amnesia {unknown}
 g - a scroll of teleportation
 h - 3 scrolls of fear {unknown}
 i - 2 scrolls of remove curse {unknown}
 k - a scroll of magic mapping {unknown}
 l - a scroll of identify {unknown}
Comestibles
 c - a bread ration


Message History

The ooze quivers.
The adder misses you. The adder barely misses you.
You see here 10 stones.
The adder misses you.
The kobold shouts!
The ooze closely misses you. The adder misses you.
It was a potion of mutation.
You feel extremely strange.
You feel resistant to heat.
You feel stronger.
You feel nature experimenting on you.
Don't worry, failures die fast.
The adder bites you.
* * * LOW HITPOINT WARNING * * *
The adder closely misses you.
You aren't carrying any potions.
Unknown command.
As you read the scroll labeled PUKAOP TIFFOO, it crumbles to dust.
You feel strangely unstable.
It was a scroll of teleportation.
The adder bites you.
You die...

#.%....############
#.##...............
#.#####..........# #w#
#.###...##.# #.#
#.###.w.##.# #%#
#.#........### #%#
#.#........... #.#
#.#........## #.#
#@###...#..# #.# #S#
#(..#.?# ##.##
#K###..##..# #...#
#$K.K......# #...##
#####..##....
####....######.......##
............r..#####%#
#.####...######.# ##.##
#.# ##.


You could see an adder and 2 kobolds.

Vanquished Creatures
  A dart slug (D:2)
  2 leopard geckos
  A ball python (D:1)
  A giant cockroach (D:1)
  3 goblins (D:1)
  A hobgoblin (D:1)
  7 kobolds
  4 bats (D:1)
  2 frilled lizards
  3 rats
25 creatures vanquished.

Notes
Turn   | Place    | Note
-------+----------+-------------------------------------------
     0 | D:1      | patrickswayze the Deep Elf Chaos Knight began the quest for the Orb.
     0 | D:1      | Reached XP level 1. HP: 13/13 MP: 3/3
    88 | D:1      | Reached skill level 1 in Stealth
   176 | D:1      | Reached XP level 2. HP: 12/18 MP: 4/4
   392 | D:1      | Reached skill level 3 in Stealth
   518 | D:2      | Reached XP level 3. HP: 7/22 MP: 5/5
   530 | D:2      | HP: 3/22 [kobold/short sword (4)]
   553 | D:2      | Gained mutation: Your flesh is heat resistant. (rF+) [potion of mutation]
   553 | D:2      | Gained mutation: Your muscles are strong. (Str +2) [potion of mutation]
   553 | D:2      | Gained mutation: You evolve. [potion of mutation]
   553 | D:2      | HP: 3/22 [adder (1)]
   554 | D:2      | Slain by an adder

Vault maps used:
D:1:      eino_arrival_water_cross

Action                   || total
-------------------------++-------
Melee: Short sword       ||    69
  Use: Scroll            ||     1
       Potion            ||     1
 Stab: Petrified         ||     1
       Sleeping          ||     7
Armor: Leather armour    ||    38
Dodge: Dodged            ||    58
